Map: Ley Lines

Players

Zoun - Winner!

  • Race: Protoss Protoss
  • Spawn Location: 1:00

ByuN

  • Race: Terran Terran
  • Spawn Location: 7:00

Event: Esports World Cup 2025

VOD

Have the link to the VOD?

Description

Time

  • Played on: July 23, 2025, 5:12 a.m.
  • Length: 9:14

All games in this series

Show
View Real Time Build Order
Export as new Build Order

Zoun Protoss - Winner!

Build Orders: 1 Gate Expand, Phoenix Opening, Blink Stalkers 

Get SALT Encoding   

  12  0:00  Probe  
  13  0:12  Probe  
  14  0:17  Pylon  
  14  0:23  Probe  
  15  0:31  Probe  
  15  0:36  Gateway  
  15  0:39  Probe  
  16  0:45  Assimilator  
  17  0:51  Probe  
  18  1:03  Probe  
  19  1:15  Probe  
  20  1:21  Nexus  
  20  1:31  Cybernetics Core  
  20  1:34  Probe  
  21  1:40  Assimilator  
  21  1:46  Probe  
  22  1:50  Pylon  
  21  1:58  Probe, Adept  
  22  2:08  Warp Gate  
  24  2:10  Probe  
  25  2:22  Probe  
  26  2:27  Phoenix  
  26  2:28  Sentry  
  26  2:29  Probe, Shield Battery  
  28  2:34  Probe  
  30  2:37  Probe  
  30  2:38  Twilight Council  
  31  2:46  Probe, Blink  
  31  2:48  Stalker  
  34  2:56  Probe  
  35  2:58  Probe  
  34  3:06  Gateway  
  34  3:09  Probe  
  34  3:12  Probe  
  36  3:21  Probe  
  36  3:24  Probe  
  36  3:25  Phoenix  
  38  3:31  Gateway  
  38  3:33  Probe  
  39  3:36  Probe  
  39  3:40  Pylon  
  40  3:44  Robotics Facility  
  40  3:45  Probe  
  40  3:47  Assimilator  
  42  3:48  Probe, Assimilator  
  42  3:55  Stalker  
  42  3:58  Probe  
  42  4:00  Stalker  
  47  4:04  Pylon, Probe  
  47  4:09  Phoenix  
  48  4:10  Probe  
  48  4:16  Probe  
  50  4:19  Stalker  
  50  4:22  Probe  
  53  4:24  Stalker  
  53  4:25  Pylon  
  53  4:28  Probe  
  53  4:29  Stalker  
  53  4:31  Observer  
  58  4:37  Probe  
  60  4:45  Probe, Templar Archives  
  61  4:49  Probe  
  62  4:59  Stalker x3  
  68  5:00  Probe  
  68  5:04  Psionic Storm, Pylon  
  68  5:05  Probe  
  70  5:14  Observer  
  70  5:15  Nexus  
  70  5:22  Charge  
  70  5:23  Probe x2  
  72  5:35  Probe x2  
  72  5:43  Observer, Gateway  
  72  5:44  Gateway  
  72  5:47  Gateway  
  72  5:48  Observer, High Templar  
  74  5:53  Probe  
  74  5:54  Pylon  
  74  5:56  High Templar  
  77  5:59  Forge  
  77  6:01  Pylon, Probe  
  78  6:07  Probe  
  78  6:10  Pylon  
  78  6:16  Probe  
  78  6:17  Shield Battery  
  79  6:21  Probe  
  79  6:22  Warp Prism  
  79  6:23  Gateway  
  80  6:26  Gateway  
  80  6:32  Gateway  
  72  6:34  High Templar x2  
  76  6:42  Zealot x3  
  76  6:46  High Templar  
  84  6:54  Pylon  
  84  6:55  Observer, Pylon  
  84  6:57  Pylon  
  85  7:06  Pylon  
  85  7:08  Stalker x4  
  85  7:13  Zealot  
  95  7:17  Zealot  
  95  7:19  Zealot  
  91  7:34  Zealot x7  
  105  7:38  Zealot  
  105  7:41  Zealot  
  101  7:55  Zealot x7  
  105  8:04  Zealot x2  
  99  8:18  Stalker x7  
  107  8:28  High Templar  
  107  8:29  Zealot  
  111  8:43  Zealot x7  
  129  8:51  Zealot  
  125  8:58  Archon x2  
  111  9:04  Zealot x4  
  111  9:05  Zealot x4  
  119  9:12  Archon  
Show
View Real Time Build Order
Export as new Build Order

ByuN Terran 

Build Orders:  

Get SALT Encoding   

  12  0:00  SCV  
  13  0:12  SCV  
  14  0:16  Supply Depot  
  14  0:24  SCV  
  15  0:38  SCV  
  15  0:40  Barracks  
  16  0:42  Refinery  
  16  0:50  SCV  
  17  1:02  SCV  
  18  1:14  SCV  
  19  1:26  Marine  
  19  1:27  Orbital Command  
  20  1:39  Command Center  
  20  1:45  Barracks Tech Lab  
  20  1:53  Supply Depot  
  20  1:54  SCV  
  21  2:04  Marauder, Concussive Shells  
  23  2:15  SCV  
  24  2:25  Marauder  
  24  2:27  SCV  
  27  2:32  Command Center  
  27  2:39  SCV  
  27  2:43  Barracks  
  28  2:46  Marine  
  29  2:51  SCV  
  30  3:03  SCV  
  30  3:04  Barracks  
  31  3:15  Orbital Command, SCV  
  31  3:18  Marine  
  33  3:20  Stimpack  
  33  3:27  SCV  
  33  3:33  Barracks Reactor  
  34  3:35  Engineering Bay  
  34  3:36  Marine  
  34  3:39  SCV  
  36  3:42  SCV  
  36  3:47  Refinery, Orbital Command  
  37  3:52  SCV  
  37  3:54  SCV  
  40  3:59  Marine x2  
  41  4:04  Terran Infantry Weapons Level 1, SCV  
  41  4:06  SCV  
  43  4:10  Marine x2  
  43  4:16  SCV  
  46  4:17  Supply Depot  
  46  4:18  SCV  
  46  4:19  Factory  
  46  4:20  Barracks Tech Lab  
  46  4:24  Refinery  
  47  4:25  SCV  
  47  4:28  SCV  
  47  4:30  Supply Depot, SCV  
  50  4:37  Refinery, SCV  
  51  4:39  Marine x2  
  51  4:40  SCV  
  51  4:42  Combat Shield, SCV  
  51  4:44  Bunker  
  55  4:48  Marauder x2  
  55  4:51  SCV  
  55  4:52  SCV  
  61  4:57  Supply Depot  
  61  4:59  SCV  
  62  5:02  Marine x2  
  62  5:03  SCV  
  62  5:04  SCV  
  66  5:08  Factory Reactor, Starport  
  66  5:11  SCV  
  67  5:15  SCV  
  67  5:19  Marauder x2  
  71  5:22  Marine x2  
  71  5:25  SCV x2  
  71  5:27  SCV  
  76  5:33  Supply Depot  
  75  5:37  SCV  
  75  5:40  Marine x2  
  75  5:41  Marauder x2  
  80  5:43  SCV x2  
  80  5:45  Supply Depot  
  80  5:49  SCV  
  82  5:52  Medivac  
  82  5:55  Medivac  
  82  5:56  Factory Reactor, Supply Depot  
  86  5:59  SCV x2  
  86  6:00  Barracks x2  
  86  6:01  SCV  
  86  6:03  Terran Infantry Armor Level 1  
  89  6:09  Marauder x2, Marine x2  
  95  6:12  SCV x2  
  95  6:16  Supply Depot  
  95  6:17  Supply Depot  
  97  6:19  SCV  
  97  6:24  SCV  
  97  6:30  Marauder, Medivac  
  97  6:31  Marauder  
  101  6:33  SCV x2  
  101  6:35  Medivac  
  101  6:36  Widow Mine x2  
  101  6:38  Supply Depot  
  109  6:41  SCV  
  109  6:45  SCV x2, Armory  
  112  6:49  Barracks Tech Lab  
  112  6:50  Engineering Bay, Barracks Reactor  
  112  6:53  SCV  
  113  6:57  SCV  
  113  6:58  Marauder x2, Marine  
  113  6:59  Marine  
  120  7:07  SCV x2  
  110  7:09  SCV  
  110  7:11  Ghost Academy  
  110  7:13  Marauder  
  113  7:17  Widow Mine  
  113  7:18  Medivac, Widow Mine  
  113  7:19  Marauder x2  
  123  7:28  Marine x2  
  118  7:32  Medivac  
  118  7:35  Marauder  
  118  7:36  SCV x2  
  124  7:38  Refinery  
  124  7:39  Refinery, Widow Mine x2  
  124  7:40  Marauder x2  
  130  7:47  Marine x4  
  130  7:50  Medivac  
  133  7:56  Marauder  
  122  8:02  Marauder x2  
  122  8:04  SCV x2  
  104  8:08  Marine  
  104  8:09  Marine x2  
  104  8:12  Medivac  
  102  8:16  SCV  
  102  8:17  Marauder  
  104  8:21  Marine  
  104  8:22  Ghost  
  104  8:23  Marauder, Supply Depot  
  104  8:26  Marine  
  104  8:27  Supply Depot  
  109  8:31  Marine x2  
  109  8:35  SCV x2  
  109  8:38  Ghost  
  109  8:39  Marine  
  112  8:43  Marine  
  112  8:44  Ghost  
  112  8:49  Marine  
  112  8:51  SCV  
  112  8:52  SCV  
Tags
 
Add a new tag
Caveats
  • Supply blocks, unpowered buildings, or Contaminate may cause inaccurate times.
  • Supply counts are checked every 10 seconds.